 Dungeon Crawl Stone Soup version 0.19-a0-450-g98b348d (webtiles) character file.

32515 Kidiri the Thaumaturge (level 13, -10/74 HPs)
             Began as a Deep Elf Fire Elementalist on June 1, 2016.
             Was a High Priest of Vehumet.
             Killed from afar by a fire dragon (54 damage)
             ... with a blast of flame
             ... on level 10 of the Dungeon.
             The game lasted 01:37:02 (26602 turns).

Kidiri the Thaumaturge (DEFE)                      Turns: 26602, Time: 01:37:03

Health: -10/74     AC: 18    Str:  3    XL:     13   Next: 31%
Magic:  8/27       EV: 19    Int: 24    God:    Vehumet [*****.]
Gold:   698        SH:  0    Dex: 28    Spells: 9 memorised, 5 levels left

rFire  x . .     SeeInvis .     K - +2 dagger (holy)
rCold  + + .     Gourm    .     U - +3 leather armour
rNeg   . . .     Faith    +     (no shield)
rPois  +         Spirit   .     b - +1 hat
rElec  .         Dismiss  .     J - +1 cloak {rPois}
rCorr  .         Reflect  .     q - +2 pair of gloves
SustAt +         Harm     .     u - +2 pair of boots
MR     +....                    z - amulet of faith
Stlth  ++++......               y - ring "Kewoacut" {*Confuse +Inv rF- rC+ Dex+9}
                                B - ring of sustain attributes

@: somewhat resistant to hostile enchantments, stealthy
A: horns 1, slimy green scales 1, thin skeletal structure 2, cold resistance 1,
dopey 1, low mp 1, mutation resistance 1, slow regeneration 1, weak 1
a: Renounce Religion, Evoke Invisibility


You were on level 10 of the Dungeon.
You worshipped Vehumet.
Vehumet was extremely pleased with you.
You were not hungry.

You visited 3 branches of the dungeon, and saw 16 of its levels.
You also visited: Labyrinth and Sewer.

You collected 1043 gold pieces.
You spent 345 gold pieces at shops.

Inventory:

Hand Weapons
 e - a +3 dagger of flaming
 C - a +0 quick blade
 K - a +2 dagger of holy wrath (weapon)
Armour
 b - a +1 hat (worn)
 q - a +2 pair of gloves (worn)
 u - a +2 pair of boots (worn)
 J - a +1 cloak of poison resistance (worn)
 N - a +0 shield
 T - a steam dragon hide
 U - a +3 leather armour (worn)
Jewellery
 f - an uncursed ring of protection from cold
 y - the ring "Kewoacut" (right hand) {*Confuse +Inv rF- rC+ Dex+9}
   (You found it in a labyrinth)

   [ring of protection from cold]

   It affects your dexterity (+9).
   It makes you vulnerable to fire.
   It protects you from cold.
   It lets you turn invisible.
   It may confuse you when you take damage.
 z - an amulet of faith (around neck)
 B - a ring of sustain attributes (left hand)
 L - an uncursed amulet of regeneration
 S - an uncursed ring of ice
Wands
 n - a wand of flame (20/48)
 r - a wand of disintegration (14/24)
 w - a wand of teleportation (4/9)
 x - a wand of teleportation (1/9)
 G - a wand of slowing (48/48)
 H - a wand of lightning (5/15)
 R - a wand of acid (7/15)
 Y - a wand of iceblast (8/15)
Scrolls
 a - a scroll of magic mapping
 g - 2 scrolls of fog
 h - 2 scrolls of teleportation
 m - 5 scrolls of remove curse
 v - 2 scrolls of torment {unknown}
 E - 3 scrolls of holy word
 M - 3 scrolls of immolation {unknown}
 P - 2 scrolls of recharging
 Q - a scroll of blinking
Potions
 d - 5 potions of haste
 k - a potion of might
 l - 3 potions of cancellation
 p - 3 potions of flight
 s - 3 potions of invisibility
 t - a potion of berserk rage
 D - 6 potions of curing
 F - a potion of heal wounds
 O - a potion of ambrosia
 W - a potion of degeneration {unknown}
Books
 o - a book of the Sky

   Spells                             Type                      Level
   a - Summon Lightning Spire         Summoning/Air                4
   b - Airstrike                      Air                          4
   c - Silence                        Hexes/Air                    5
   d - Deflect Missiles               Charms/Air                   6
   e - Conjure Ball Lightning         Conjuration/Air              6
   f - Tornado                        Air                          9
Comestibles
 c - 9 bread rations
 i - a meat ration
 A - a beef jerky


   Skills:
 + Level 5.8 Fighting
 + Level 6.7 Short Blades
 + Level 6.0 Armour
 + Level 8.7 Dodging
 - Level 2.4 Stealth
 + Level 4.1 Shields
 + Level 11.0 Spellcasting
 + Level 9.3 Conjurations
 + Level 9.9 Fire Magic
 + Level 8.6 Air Magic
 + Level 6.1 Evocations


You had 5 spell levels left.
You knew the following spells:

 Your Spells              Type           Power        Failure   Level  Hunger
a - Flame Tongue          Conj/Fire      #####        1%          1    None
b - Throw Flame           Conj/Fire      ######       1%          2    None
c - Conjure Flame         Conj/Fire      ######..     1%          3    None
d - Inner Flame           Hex/Fire       #####...     1%          3    None
e - Sticky Flame          Conj/Fire      ######..     1%          4    None
f - Fireball              Conj/Fire      ######....   1%          5    ####...
g - Airstrike             Air            ######....   1%          4    None
h - Olgreb's Toxic Radia  Pois           ##......     38%         4    None
i - Ignite Poison         Fire/Tmut/Pois ####....     2%          3    None


Dungeon Overview and Level Annotations

Branches:
Dungeon (10/15)            Temple (1/1) D:4            Lair (5/8) D:9
 Shoals (0/4) Lair:5       Spider (0/4) Lair:4          Orc (0/2) D:9

Altars:
Ashenzari
Cheibriados
Dithmenos
Elyvilon
Fedhas
Gozag
Hepliaklqana
Kikubaaqudgha
Makhleb
Nemelex Xobeh
Okawaru
Pakellas
Qazlal
Ru
Sif Muna
Trog
Uskayaw
Vehumet
Xom
Yredelemnul
Zin
The Shining One

Shops:
D:5 }   D:10 !

Annotations:
Lair:5 Rupert


Innate Abilities, Weirdness & Mutations

You have a pair of small horns on your head.
You are partially covered in slimy green scales. (AC +2)
You have a moderately thin skeletal structure. (Dex +4, Stealth+)
Your flesh is cold resistant. (rC+)
You are dopey. (Int -2)
Your magical capacity is low. (-10% MP)
You are somewhat resistant to further mutation.
You regenerate slowly when monsters are visible.
You are weak. (Str -2)


Message History

The fire dragon breathes flames at you. The blast of flame hits you!
The fire burns you terribly!
Casting: Airstrike
Confirm with . or Enter, or press ? or * to list all spells.
Aiming: Airstrike
Press: ? - help, Dir - move target cursor, f/p - fire dragon
Aim: a fire dragon (moderately wounded, catching its breath)
The air twists around and violently strikes the fire dragon!
The fire dragon is heavily wounded.
Casting: Airstrike
Confirm with . or Enter, or press ? or * to list all spells.
Aiming: Airstrike
Press: ? - help, Dir - move target cursor, f/p - fire dragon
Aim: a fire dragon (lava, heavily wounded, catching its breath)
The air twists around and violently strikes the fire dragon!
The fire dragon is heavily wounded.
The fire dragon breathes flames at you. The blast of flame hits you!
The fire burns you terribly!
Ouch! That really hurt!
You die...

##### #####§§§####
!....≈§§§§.###
$!...§≈≈§....##
$$$..≈≈≈......###
≈$$§≈≈≈.D.@.....#####
≈≈≈§≈§≈.............######
§§≈§≈≈........#####......#
§≈§≈≈≈.......## ######.##
§§≈§≈≈§...#### #..#
§≈§≈≈###### ##.# §§§§≈
####.# ≈≈§## #....# #.####


You could see a fire dragon.

Vanquished Creatures
  7 hydras
  A minotaur (Lab)
  Pikel (D:5)
  A wolf spider (Lair:4)
  An ugly thing (D:9)
  4 elephants (Lair:2)
  Maurice (D:9)
  2 black mambas
  A gargoyle (Lab)
  8 spiny frogs
  4 komodo dragons
  A troll (D:9)
  A boulder beetle (Lair:5)
  A wraith (D:10)
  25 yaks
  5 hippogriffs
  A steam dragon (Lair:5)
  2 basilisks (Lair:3)
  4 hungry ghosts (Lab)
  8 swamp worms (Lair:2)
  10 water moccasins
  13 porcupines
  4 sky beasts
  2 slaves (D:5)
  An eye of draining (D:8)
  An ice beast (D:7)
  9 orc warriors
  A black bear (Lair:3)
  6 phantoms
  8 ogres
  11 wolves
  9 centaurs
  12 crocodiles
  5 big kobolds
  19 giant frogs
  3 gnoll sergeants (D:9)
  An earth elemental (Lab)
  3 scorpions
  8 wights
  5 killer bees (D:9)
  An electric eel (Lair:1)
  A howler monkey (D:4)
  3 crimson imps
  3 hounds
  4 jellies
  10 orc priests
  11 orc wizards
  3 giant frog skeletons
  A gnoll shaman (D:6)
  2 centaur skeletons
  12 iguanas
  11 worker ants
  34 sheep
  A hound zombie (D:8)
  A hound skeleton (D:4)
  A worker ant zombie (D:9)
  11 gnolls
  14 adders
  35 river rats
  2 shadow imps
  2 adder skeletons (D:5)
  14 worms
  3 dart slugs
  9 giant geckos
  44 orcs
  7 bats
  16 giant cockroaches
  4 goblins
  10 hobgoblins
  14 jackals
  6 quokkas
  A ball python (D:2)
  2 giant gecko skeletons
  4 giant newts
  14 kobolds
  A quokka zombie (D:6)
  8 rats
  A plant (Lair:2)
531 creatures vanquished.

Vanquished Creatures (others)
  A hound zombie (D:5)
  A worm (D:5)
  4 fungi
  7 plants
13 creatures vanquished.

Grand Total: 544 creatures vanquished

Notes
Turn   | Place    | Note
--------------------------------------------------------------
     0 | D:1      | Kidiri the Deep Elf Fire Elementalist began the quest for the Orb.
     0 | D:1      | Reached XP level 1. HP: 10/10 MP: 6/6
   227 | D:1      | Reached XP level 2. HP: 15/15 MP: 4/8
   231 | D:1      | Learned a level 2 spell: Throw Flame
  1019 | D:2      | Reached skill level 4 in Spellcasting
  1019 | D:2      | Reached XP level 3. HP: 19/19 MP: 0/10
  1047 | D:2      | Learned a level 3 spell: Conjure Flame
  1051 | D:2      | Learned a level 3 spell: Inner Flame
  1788 | D:2      | Reached XP level 4. HP: 20/24 MP: 9/12
  2155 | D:2      | Found a glowing golden altar of the Shining One.
  3090 | D:3      | Noticed a centaur
  3097 | D:3      | Killed a centaur
  3097 | D:3      | Reached skill level 5 in Spellcasting
  3097 | D:3      | Reached XP level 5. HP: 27/28 MP: 2/14
  3309 | D:3      | Learned a level 4 spell: Sticky Flame
  3865 | D:4      | Found a glowing drain.
  3924 | Sewer    | Entered a sewer
  4113 | Sewer    | Noticed a crocodile
  4131 | Sewer    | Killed a crocodile
  4131 | Sewer    | Reached skill level 5 in Fire Magic
  4131 | Sewer    | Reached XP level 6. HP: 29/32 MP: 1/16
  4249 | Sewer    | Identified the Disquisition on Doomed Heat
  4791 | D:4      | Reached XP level 7. HP: 37/37 MP: 7/17
  5012 | D:4      | Found a staircase to the Ecumenical Temple.
  5405 | D:4      | Reached skill level 1 in Fighting
  5419 | Temple   | Entered the Ecumenical Temple
  5513 | D:5      | Entered Level 5 of the Dungeon
  5538 | D:5      | Reached skill level 1 in Short Blades
  5538 | D:5      | Reached skill level 1 in Armour
  5538 | D:5      | Reached skill level 6 in Spellcasting
  5775 | D:5      | Learned a level 5 spell: Fireball
  5909 | D:5      | Noticed Pikel
  6434 | D:5      | Reached skill level 5 in Conjurations
  6448 | D:5      | Killed Pikel
  6448 | D:5      | Reached XP level 8. HP: 41/44 MP: 1/20
  6653 | D:5      | Reached skill level 7 in Spellcasting
  6975 | D:5      | Found a snail-covered altar of Cheibriados.
  7197 | D:5      | Gained mutation: You regenerate slowly when monsters are visible. [mutagenic meat]
  7198 | D:5      | Gained mutation: You are dopey. (Int -2) [mutagenic meat]
  7200 | D:5      | Gained mutation: Your flesh is cold resistant. (rC+) [mutagenic meat]
  7201 | D:5      | Gained mutation: You are partially covered in slimy green scales. (AC +2) [mutagenic meat]
  7202 | D:5      | Gained mutation: You have a pair of small horns on your head. [mutagenic meat]
  7274 | D:5      | Found an oddly glowing altar of Pakellas.
  7274 | D:5      | Found Pakellas's Prime Provisions.
  8283 | D:6      | Reached XP level 9. HP: 46/48 MP: 14/22
  8351 | D:6      | Found a sacrificial altar of Ru.
  8761 | D:6      | Learned a level 4 spell: Airstrike
  8818 | D:6      | Reached skill level 5 in Dodging
  9248 | D:7      | Reached skill level 1 in Air Magic
  9248 | D:7      | Reached skill level 1 in Evocations
  9305 | D:7      | Found Zin's Purification Station.
  9307 | D:7      | Found a glowing silver altar of Zin.
  9422 | D:7      | Bought a potion of curing for 90 gold pieces
  9447 | D:7      | Gained mutation: Your magical capacity is low. (-10% MP) [potion of mutation]
  9447 | D:7      | Gained mutation: You have a somewhat thin skeletal structure. (Dex +2, Stealth) [potion of mutation]
  9448 | D:7      | Gained mutation: You are weak. (Str -2) [potion of mutation]
  9448 | D:7      | Gained mutation: You are somewhat resistant to further mutation. [potion of mutation]
  9664 | D:7      | Found an iron altar of Okawaru.
  9823 | D:7      | Reached skill level 8 in Spellcasting
  9839 | D:7      | Found a radiant altar of Vehumet.
  9843 | D:7      | Became a worshipper of Vehumet
  9849 | D:7      | Found a shattered altar of Ashenzari.
  9852 | D:7      | Found a shimmering altar of Xom.
  9855 | D:7      | Found an opulent altar of Gozag.
 10911 | D:8      | Reached * piety under Vehumet
 10911 | D:8      | Offered knowledge of Sting by Vehumet.
 10997 | D:8      | Reached XP level 10. HP: 56/56 MP: 15/22
 11503 | D:9      | Found a snail-covered altar of Cheibriados.
 11528 | D:9      | Noticed Maurice
 11551 | D:9      | Killed Maurice
 11720 | D:9      | Found a staircase to the Orcish Mines.
 11786 | D:9      | Reached skill level 9 in Spellcasting
 11788 | D:9      | Reached ** piety under Vehumet
 11788 | D:9      | Offered knowledge of Throw Frost by Vehumet.
 12088 | D:9      | Noticed a brown ugly thing
 12107 | D:9      | Killed a brown ugly thing
 12134 | D:9      | Reached skill level 5 in Air Magic
 12495 | D:9      | Found a staircase to the Lair.
 12528 | D:9      | Offered knowledge of Mephitic Cloud by Vehumet.
 12704 | D:9      | Learned a level 3 spell: Mephitic Cloud
 12769 | D:9      | Reached *** piety under Vehumet
 13123 | D:9      | Reached XP level 11. HP: 47/60 MP: 5/23
 13135 | D:9      | Gained mutation: You have a moderately thin skeletal structure. (Dex +4, Stealth+) [mutagenic meat]
 13649 | D:9      | Offered knowledge of Force Lance by Vehumet.
 13684 | Lair:1   | Entered Level 1 of the Lair of Beasts
 13722 | Lair:1   | Learned a level 3 spell: Ignite Poison
 13808 | Lair:1   | Found a labyrinth entrance.
 13831 | Lab      | Entered a labyrinth
 14505 | Lab      | Reached skill level 1 in Shields
 14952 | Lab      | Noticed a minotaur
 14969 | Lab      | Killed a minotaur
 14987 | Lab      | Got a wavering ivory ring
 15042 | Lair:1   | Identified a +3 rod of clouds (12/12) (You found it in a labyrinth)
 15043 | Lair:1   | Identified a +4 rod of inaccuracy (9/9) (You found it in a labyrinth)
 15047 | Lair:1   | Identified the ring "Kewoacut" {*Confuse +Inv rF- rC+ Dex+9} (You found it in a labyrinth)
 15267 | Lair:1   | Noticed a four-headed hydra
 15274 | Lair:1   | Killed a four-headed hydra
 15797 | Lair:1   | Reached **** piety under Vehumet
 15907 | Lair:1   | Reached skill level 5 in Short Blades
 16783 | Lair:2   | Offered knowledge of Olgreb's Toxic Radiance by Vehumet.
 16870 | Lair:2   | Noticed a four-headed hydra
 16903 | Lair:2   | Killed a four-headed hydra
 16903 | Lair:2   | Reached skill level 5 in Armour
 17226 | Lair:2   | Noticed a seven-headed hydra
 17251 | Lair:2   | Killed a seven-headed hydra
 17466 | Lair:2   | Reached XP level 12. HP: 67/67 MP: 12/25
 17466 | Lair:2   | Reached skill level 10 in Spellcasting
 17515 | Lair:2   | Learned a level 4 spell: Olgreb's Toxic Radiance
 17873 | Lair:2   | Reached ***** piety under Vehumet
 17934 | Lair:2   | Offered knowledge of Spellforged Servitor by Vehumet.
 18096 | Lair:2   | Reached skill level 5 in Evocations
 19035 | Lair:2   | Reached skill level 5 in Fighting
 20029 | Lair:3   | Noticed an eight-headed hydra
 20043 | Lair:3   | Killed an eight-headed hydra
 21854 | Lair:4   | Found a hole to the Spider Nest.
 22138 | Lair:4   | Noticed a six-headed hydra
 22146 | Lair:4   | Killed a six-headed hydra
 22146 | Lair:4   | Offered knowledge of Iskenderun's Battlesphere by Vehumet.
 22747 | Lair:4   | Reached XP level 13. HP: 73/73 MP: 13/26
 23575 | Lair:5   | Noticed Rupert
 23794 | Lair:5   | Found a staircase to the Shoals.
 24467 | Lair:5   | Paralysed by Rupert for 5 turns
 24512 | Lair:5   | Paralysed by Rupert for 3 turns
 24994 | D:10     | Entered Level 10 of the Dungeon
 25497 | D:10     | Reached skill level 11 in Spellcasting
 25641 | D:10     | Found Quno's Distillery.
 25644 | D:10     | Bought 2 potions of curing for 90 gold pieces
 25644 | D:10     | Bought 2 potions of curing for 90 gold pieces
 25644 | D:10     | Bought a potion of heal wounds for 75 gold pieces
 25894 | D:10     | Offered knowledge of Lee's Rapid Deconstruction by Vehumet.
 26592 | D:10     | Noticed a fire dragon
 26602 | D:10     | Killed from afar by a fire dragon

Vault maps used:
D:1:      elethiomel_arrival_shortcut, serial_glass, glass_columns_a,
          glass_columns_a
D:2:      overflow_temple_1_default, first_bread, minmay_unequal
D:3:      kennysheep_boxes
D:4:      kennysheep_spiral_hall, minmay_temple_entry_from_below_a,
          gup_sewer_entry_pipe
D:5:      johnstein_pakellas_shop, serial_glass, glass_columns_a,
          glass_columns_a, cheibrodos_worm_habitat, uniq_pikel
D:6:      hangedman_ru_absence
D:7:      zin_purify, lemuel_doored_altar, grunt_temple_overflow_cloverleaf
D:9:      kennysheep_little_box, minmay_lair_entry_grove,
          kennysheep_orc_monster_closet_entryway, uniq_maurice
D:10:     dragon1_lemuel, serial_shops, nicolae_shop_window_shopping
Temple:   circular_temple_12
Lair:1:   lab_entry_generic, beast_lair_carwin_5, infiniplex_staircase_pool,
          grunt_megastairs_1
Lair:2:   worms_lemuel
Lair:3:   lemuel_fruit_fields
Lair:4:   spider_nest_entry_rubble
Lair:5:   minmay_lair_oklob_tunnel, minmay_shoals_entry_centaurs, minmay_holes,
          infiniplex_staircase_pool_2, serial_bayou_shore_b, uniq_rupert
Lab:      nicolae_lab_quarters, nicolae_lab_garden
Sewer:    sewer_the_crocodile

Skill      XL: |  1  2  3  4  5  6  7  8  9 10 11 12 13 |
---------------+----------------------------------------+-----
Spellcasting   | 4 5 6 7 8 9 10 11 | 11.0
Conjurations   | 2 3 4 5 6 7 8 9 |  9.3
Fire Magic     | 4 5 6 7 8 9 |  9.9
Fighting       | 1 2 3 4 5 |  5.8
Short Blades   | 1 2 3 4 5 6 |  6.7
Armour         | 1 2 3 4 5 6 |  6.0
Dodging        | 3 4 5 6 7 8 |  8.7
Air Magic      | 3 5 7 8 |  8.6
Evocations     | 2 3 4 5 6 |  6.1
Shields        | 2 3 4 |  4.1
Stealth        | |  2.4

Action                   |  1- 3 |  4- 6 |  7- 9 | 10-12 | 13-15 || total
-------------------------+-------+-------+-------+-------+-------++-------
Melee: Dagger            |    35 |    21 |   108 |   311 |    28 ||   503
       Headbutt          |       |       |    17 |    90 |     8 ||   115
 Cast: Flame Tongue      |    48 |    55 |   210 |   397 |    92 ||   802
       Throw Flame       |     8 |    37 |    57 |    99 |    24 ||   225
       Conjure Flame     |       |     1 |     8 |    16 |     2 ||    27
       Inner Flame       |       |     1 |     2 |     8 |     2 ||    13
       Sticky Flame      |       |     2 |    12 |    89 |    20 ||   123
       Fireball          |       |       |     3 |     6 |     6 ||    15
       Airstrike         |       |       |       |     6 |     8 ||    14
       Olgreb's Toxic Ra |       |       |       |     4 |     5 ||     9
       Ignite Poison     |       |       |       |     4 |     5 ||     9
Evoke: Wand              |       |       |       |     6 |       ||     6
  Use: Scroll            |     7 |     1 |    17 |     9 |     4 ||    38
       Potion            |       |     1 |     5 |     8 |     2 ||    16
 Stab: Sleeping          |     3 |     4 |     3 |     6 |     6 ||    22
       Confused          |       |       |       |     1 |       ||     1
       Distracted        |       |       |       |     1 |       ||     1
  Eat: Chunk             |     3 |     8 |    22 |    30 |     6 ||    69
       Beef jerky        |       |     1 |       |     1 |     3 ||     5
       Meat ration       |       |       |     1 |     2 |       ||     3
       Pizza             |       |       |     1 |     1 |       ||     2
       Fruit             |       |       |       |     8 |       ||     8
Armor: Robe              |     7 |     3 |    30 |    33 |       ||    73
       Leather armour    |       |       |       |   114 |    26 ||   140
Dodge: Dodged            |    39 |    23 |   107 |   382 |    66 ||   617
